 Dungeon Crawl Stone Soup version 0.21.0-37-g46506fa (webtiles) character file.

1488 doot the Skirmisher (level 8, -3/70 HPs)
             Began as a Red Draconian Chaos Knight on Jan 31, 2018.
             Was an Initiate of Vehumet.
             Slain by a small abomination (21 damage)
             ... summoned by the capriciousness of Xom
             ... in an ossuary.
             The game lasted 00:13:30 (4896 turns).

doot the Skirmisher (Red Draconian Chaos Knight)    Turns: 4896, Time: 00:13:31

Health: -3/70      AC:  6    Str: 16    XL:     8   Next: 51%
Magic:  8/8        EV: 17    Int: 12    God:    Vehumet [......]
Gold:   247        SH:  0    Dex: 12    Spells: 7/7 levels left

rFire    + + .     SeeInvis .   g - +0 great mace
rCold    x . .     Gourm    .   (shield currently unavailable)
rNeg     . . .     Faith    .   (armour unavailable)
rPois    .         Spirit   .   (helmet restricted)
rElec    .         Reflect  .   (no cloak)
rCorr    .         Harm     .   (no gloves)
MR       .....                  (no boots)
Stlth    ++........             (no amulet)
HPRegen  0.21/turn              p - +3 ring of evasion
MPRegen  0.11/turn              o - ring of fire

@: no status effects
A: breathe fire, unfitting armour, horns 1, fire resistance 1, cold-blooded,
subdued magic 1, MP-powered wands, AC +6
a: Breathe Fire, Renounce Religion


You were in an ossuary.
You worshipped Vehumet.
Vehumet was noncommittal.
You were not hungry.

You visited 2 branches of the dungeon, and saw 7 of its levels.
You also visited: Sewer and Ossuary.

You collected 247 gold pieces.

Inventory:

Hand Weapons
 a - a +0 spear of chaos
 g - a +0 great mace (weapon)
Armour
 q - a +0 large shield
Jewellery
 d - an uncursed ring of see invisible
 o - a ring of fire (right hand)
 p - a +3 ring of evasion (left hand)
Scrolls
 c - 7 scrolls of identify
 e - a scroll of enchant armour {unknown}
 i - 2 scrolls of amnesia {unknown}
 j - 5 scrolls of remove curse {unknown}
 k - 5 scrolls of teleportation {unknown}
 l - a scroll of noise {unknown}
 m - 2 scrolls of immolation {unknown}
 n - 3 scrolls of magic mapping {unknown}
 s - a scroll of fog
 t - a scroll of enchant weapon {unknown}
Potions
 f - 2 potions of haste
 h - a potion of curing {unknown}
 r - a potion of flight {unknown}
Comestibles
 b - 9 rations


   Skills:
 + Level 5.7 Fighting
 + Level 3.8 Maces & Flails
 + Level 5.6 Polearms
 + Level 5.0 Dodging
 + Level 3.7 Stealth
 + Level 3.1 Shields


You had 7 spell levels left.
You didn't know any spells.

Dungeon Overview and Level Annotations

Branches:
Dungeon (6/15)             Temple (1/1) D:4

Altars:
Cheibriados
Dithmenos
Elyvilon
Fedhas
Gozag
Hepliaklqana
Makhleb
Nemelex Xobeh
Okawaru
Qazlal
Ru
Sif Muna
Vehumet
Xom


Innate Abilities, Weirdness & Mutations

You can breathe blasts of fire.
Your fiery red scales are hard. (AC +6)
You cannot fit into any form of body armour.
Your flesh is heat resistant. (rF+)
You are cold-blooded and may be slowed by cold attacks.
You have a pair of small horns on your head.
Your spells are a little easier to cast, but a little less powerful.
You expend magic power (3 MP) to strengthen your wands.


Message History

You barely miss the small abomination.
The small abomination is severely damaged.
The small abomination barely misses you. x2
The small abomination completely misses you.
The small abomination misses you.
You hit the small abomination. You headbutt the small abomination.
Your tail-slap misses the small abomination.
The small abomination is almost destroyed.
The small abomination misses you.
The small abomination barely misses you. x2
The small abomination hits you.
You sock the small abomination!
You destroy the small abomination!
The small abomination misses you. The small abomination hits you.
You have got your breath back.
The small abomination hits you!
* * * LOW HITPOINT WARNING * * *
The small abomination barely misses you.
The small abomination hits you!!
You die...

### ###.### ##.....##
#.......# #..@....#
#..xx...# ##.....## ###.###
#'# #### ###.### #####
##...## ##.....## ##...##
#.....# #.......# #.....#
##.....###...∩...###.....##


You could see 2 small abominations.

Vanquished Creatures
  An ice beast (D:5)
  2 ogres
  A wolf (shapeshifter) (D:3)
  4 elf zombies (Ossuary)
  2 bullfrogs (Sewer)
  A centaur zombie (Ossuary)
  7 human zombies (Ossuary)
  2 orc wizards (D:6)
  3 iguanas (D:5)
  3 worker ants
  A hound skeleton (D:4)
  3 mummies (Ossuary)
  6 adders
  An ooze (D:4)
  A worm (D:3)
  10 leopard geckos
  7 orcs
  7 ball pythons
  8 bats
  6 giant cockroaches
  9 goblins
  14 hobgoblins
  6 jackals
  2 quokkas
  9 frilled lizards
  8 kobolds
  2 quokka skeletons
  12 rats
138 creatures vanquished.

Vanquished Creatures (collateral kills)
  A bullfrog (D:6)
  A worker ant (D:6)
2 creatures vanquished.

Grand Total: 140 creatures vanquished

Notes
Turn   | Place    | Note
-------+----------+-------------------------------------------
     0 | D:1      | doot the Draconian Chaos Knight began the quest for the Orb.
     0 | D:1      | Reached XP level 1. HP: 19/19 MP: 1/1
     3 | D:1      | XOM: harmless Chrm miscast
    90 | D:1      | Reached XP level 2. HP: 14/26 MP: 2/2
    93 | D:1      | XOM: silly message
   384 | D:1      | XOM: silly message
   554 | D:1      | XOM: harmless Necr miscast
   910 | D:2      | Found a shadowy altar of Dithmenos.
   938 | D:2      | Found an iron altar of Okawaru.
   944 | D:2      | Reached XP level 3. HP: 32/33 MP: 3/3
  1035 | D:2      | XOM: divination: magic mapping
  1069 | D:2      | XOM: divination: detect creatures
  1113 | D:2      | Found a snail-covered altar of Cheibriados.
  1216 | D:2      | Found an iron altar of Okawaru.
  1316 | D:2      | XOM: divination: magic mapping
  1484 | D:3      | Reached skill level 1 in Stealth
  1507 | D:3      | XOM: harmless Air miscast
  1508 | D:3      | XOM: harmless Erth miscast
  1514 | D:3      | Reached XP level 4. HP: 32/40 MP: 4/4
  1763 | D:3      | Found a faded altar of an unknown god.
  1800 | D:3      | XOM: divination: magic mapping
  1975 | D:3      | XOM: confusion (+ monsters)
  1983 | D:3      | XOM: polymorph orc -> bat
  1991 | D:3      | Noticed a wolf
  1991 | D:3      | a jackal changed into a wolf
  1993 | D:3      | Killed a wolf
  1993 | D:3      | Reached XP level 5. HP: 39/47 MP: 5/5
  2074 | D:3      | XOM: 8-stop teleportation journey
  2209 | D:3      | Found a deep blue altar of Sif Muna.
  2209 | D:3      | XOM: divination: detect creatures
  2396 | D:4      | Noticed an ogre
  2457 | D:4      | Killed an ogre
  2457 | D:4      | Reached XP level 6. HP: 29/53 MP: 6/6
  2498 | D:4      | XOM: god gift: scroll labeled FIKICRULOF {god gift}
  2631 | D:4      | Found a blossoming altar of Fedhas.
  2703 | D:4      | Found a staircase to the Ecumenical Temple.
  2720 | D:4      | Reached skill level 5 in Polearms
  2727 | Temple   | Entered the Ecumenical Temple
  3068 | D:4      | XOM: medium Conj miscast
  3085 | D:4      | XOM: cloud trail
  3118 | D:5      | Entered Level 5 of the Dungeon
  3186 | D:5      | XOM: enchant monster (bad)
  3200 | D:5      | Gained mutation: Your spells are a little easier to cast, but a little less powerful. [potion of mutation]
  3200 | D:5      | Gained mutation: You expend magic power (3 MP) to strengthen your wands. [potion of mutation]
  3200 | D:5      | Gained mutation: You have a pair of small horns on your head. [potion of mutation]
  3228 | D:5      | HP: 1/79 [something (4)]
  3231 | D:5      | Reached skill level 1 in Shields
  3231 | D:5      | Your scales start taking on a fiery red colour.
  3231 | D:5      | Reached XP level 7. HP: 2/60 MP: 7/7
  3231 | D:5      | Gained mutation: Your flesh is heat resistant. (rF+) [Red Draconian growth]
  3337 | D:5      | XOM: 3-stop teleportation journey
  3411 | D:5      | Found a glowing drain.
  3415 | Sewer    | Entered a sewer
  3790 | Sewer    | XOM: fake destruction
  4082 | D:5      | Reached skill level 5 in Fighting
  4122 | Temple   | Fell from the grace of Xom
  4122 | Temple   | Became a worshipper of Vehumet
  4178 | D:6      | XOM: summons 2 friendly demons
  4238 | D:6      | Found a sand-covered staircase.
  4243 | Ossuary  | Entered an ossuary
  4269 | Ossuary  | Reached XP level 8. HP: 54/68 MP: 8/8
  4283 | Ossuary  | Reached skill level 1 in Maces & Flails
  4485 | Ossuary  | XOM: noise
  4577 | Ossuary  | XOM: mild Pois miscast
  4674 | Ossuary  | Reached skill level 5 in Dodging
  4886 | Ossuary  | XOM: medium Summ miscast
  4896 | Ossuary  | Slain by a small abomination

Skill      XL: |  1  2  3  4  5  6  7  8 |
---------------+-------------------------+-----
Fighting       | 4 5 |  5.7
Stealth        | 1 2 3 |  3.7
Polearms       | 4 5 |  5.6
Dodging        | 3 4 5 |  5.0
Shields        | 1 3 |  3.1
Maces & Flails | 3 |  3.8

Action                   |  1- 3 |  4- 6 |  7- 9 || total
-------------------------+-------+-------+-------++-------
Melee: Spear             |   142 |   203 |    61 ||   406
       Tailslap          |    11 |    24 |    26 ||    61
       Great mace        |       |       |   122 ||   122
       Headbutt          |       |       |    26 ||    26
 Abil: Breathe Fire      |       |       |     9 ||     9
  Use: Potion            |       |     4 |       ||     4
       Scroll            |       |     1 |       ||     1
 Stab: Sleeping          |     4 |    10 |       ||    14
  Eat: Chunk             |     2 |     5 |     5 ||    12
       Ration            |       |       |     1 ||     1
Armor: Skin              |    34 |    60 |    41 ||   135
Dodge: Dodged            |    75 |   104 |   158 ||   337
Block: Large shield      |       |    54 |    57 ||   111
